 Dungeon Crawl Stone Soup version 0.19.0-24-gb05acd6 (webtiles) character file.

109 Drunkenshrew the Slasher (level 4, 0/46 HPs)
             Began as a High Elf Berserker on Nov 21, 2016.
             Was a Believer of Trog.
             Slain by a frilled lizard (2 damage)
             ... on level 3 of the Dungeon.
             The game lasted 00:03:36 (1912 turns).

Drunkenshrew the Slasher (High Elf Berserker)       Turns: 1912, Time: 00:03:37

Health: 0/46       AC:  5    Str: 21    XL:     4   Next: 59%
Magic:  5/5        EV: 12    Int: 11    God:    Trog [**....]
Gold:   123        SH:  0    Dex: 15    Spells: 0 memorised, 3 levels left

rFire  . . .     SeeInvis .     a - +0 falchion
rCold  . . .     Gourm    .     f - +0 ring mail {rPois}
rNeg   . . .     Faith    .     (no shield)
rPois  +         Spirit   .     (no helmet)
rElec  .         Reflect  .     (no cloak)
rCorr  .         Harm     .     (no gloves)
MR     .....                    (no boots)
Stlth  ..........               (no amulet)
                                (no ring)
                                (no ring)

@: berserking, very quick
A: no striking features
a: Berserk, Trog's Hand, Burn Spellbooks, Renounce Religion


You were on level 3 of the Dungeon.
You worshipped Trog.
Trog was pleased with you.
You were very hungry.

You visited 1 branch of the dungeon, and saw 3 of its levels.

You collected 123 gold pieces.

Inventory:

Hand Weapons
 a - a +0 falchion (weapon)
Missiles
 k - 5 steel javelins (quivered)
Armour
 f - a +0 ring mail of poison resistance (worn)
Scrolls
 e - a scroll of magic mapping {unknown}
 h - a scroll of remove curse {unknown}
 i - 2 scrolls of identify {unknown}
 l - a scroll of fear {unknown}
 o - a scroll of immolation {unknown}
Potions
 b - a potion of berserk rage {unknown}
 d - a potion of brilliance {unknown}
 g - a potion of heal wounds {unknown}
 m - a potion of agility {unknown}
 n - a potion of curing {unknown}
Comestibles
 c - a bread ration
 j - 2 chunks of flesh


   Skills:
 - Level 3.0 Fighting
 + Level 5.9 Long Blades
 - Level 2.0 Armour
 - Level 3.1 Dodging


You had 3 spell levels left.
You didn't know any spells.

Dungeon Overview and Level Annotations

Branches:
Dungeon (3/15)

Altars:
Kikubaaqudgha
Vehumet
The Shining One


Message History

The orc wizard flickers and vanishes!
Deactivating autopickup; reactivate with Ctrl-A.
A kobold comes into view. It is wielding a whip.
You closely miss the orc priest.
The orc priest is heavily wounded.
The orc misses you. The orc hits you with a mace!
* * * LOW HITPOINT WARNING * * *
The orc priest hits you with a dagger.
* * * LOW HITPOINT WARNING * * *
The frilled lizard completely misses you.
You slash the orc priest!
You kill the orc priest!
Trog accepts your kill. The goblin closely misses you. The orc misses you.
A worm comes into view.
You slash the orc!
You kill the orc!
Trog accepts your kill. The frilled lizard bites you.
You die...

#.... w.####.....
... #...
.......... ...#
##..
......K.......#
##.
.........##... ##
.........#..# #
......o....# #
#.lr)...# ### ##
#g@.##.# ##.##
##. ###....#
##.>.###..
####.###.....###.
#.............
#####.....####
##...## # ##.##
###


You could see a worm, an orc, a goblin, a kobold, a frilled lizard and a rat.

Vanquished Creatures
  An orc priest (D:3)
  4 adders (D:2)
  A dart slug (D:1)
  A leopard gecko (D:2)
  An orc (D:3)
  4 ball pythons
  2 giant cockroaches
  6 hobgoblins
  A quokka (D:2)
  4 bats
  3 frilled lizards
  6 goblins
  3 kobolds
  6 rats
43 creatures vanquished.

Notes
Turn   | Place    | Note
-------+----------+-------------------------------------------
     0 | D:1      | Drunkenshrew the High Elf Berserker began the quest for the Orb.
     0 | D:1      | Reached XP level 1. HP: 16/16 MP: 2/2
   231 | D:1      | Reached XP level 2. HP: 8/21 MP: 3/3
   754 | D:1      | Reached skill level 4 in Long Blades
  1049 | D:2      | Reached XP level 3. HP: 24/26 MP: 4/4
  1235 | D:2      | Reached ** piety under Trog
  1323 | D:2      | Reached skill level 5 in Long Blades
  1372 | D:2      | Found a glowing golden altar of the Shining One.
  1447 | D:2      | Reached XP level 4. HP: 28/31 MP: 5/5
  1852 | D:3      | Found a radiant altar of Vehumet.
  1853 | D:3      | Found an ancient bone altar of Kikubaaqudgha.
  1910 | D:3      | HP: 2/46 [orc/mace (7)]
  1912 | D:3      | Slain by a frilled lizard

Skill      XL: |  1  2  3 |
---------------+----------+-----
Dodging        | 3 |  3.1
Armour         | 2 |  2.0
Long Blades    | 4 5 |  5.9
Fighting       | |  3.0

Action                   |  1- 3 |  4- 6 || total
-------------------------+-------+-------++-------
Melee: Falchion          |   116 |     8 ||   124
Invok: Berserk           |     2 |     1 ||     3
 Stab: Sleeping          |     3 |       ||     3
  Eat: Chunk             |     4 |     1 ||     5
Armor: Animal skin       |     8 |       ||     8
       Ring mail         |    23 |       ||    23
Dodge: Dodged            |    95 |     8 ||   103
       Rpst.: Falchion   |    28 |     1 ||    29
